TOP OF THE 1ST |
---|
Irvine Gang Green batting - Pitching for San Francisco Bandits : LHP Esteban Peña | Pitching: LHP Esteban Peña | | Batting: SHB Carlos Córdova | 0-0: Ball 1-0: Called Strike 1-1: Ball 2-1: Swinging Strike 2-2: Ball 3-2: Foul Ball, location: 2F 3-2: Foul Ball, location: 2F 3-2: Foul Ball, location: 2F 3-2: Base on Balls | Batting: LHB Tony Tavárez | 0-0: Called Strike 0-1: Ball 1-1: Ball 2-1: Ball 3-1: Foul Ball, location: 2F 3-2: Ground out 4-3 (Groundball, 4M) Carlos Córdova to second | Batting: RHB Buck Jones | 0-0: Foul Ball, location: 2F 0-1: Ball 1-1: Ground out 5-3 (Groundball, 56) | Batting: LHB Víctor Quiñones | 0-0: Ball 1-0: Ball 2-0: Ball 3-0: Called Strike 3-1: Called Strike 3-2: SINGLE (Line Drive, 4M) Carlos Córdova to third Carlos Córdova scores | Batting: RHB Tyler Wagner | 0-0: Ball 1-0: Called Strike 1-1: Ball 2-1: SINGLE (Line Drive, 7S) Víctor Quiñones to second | Batting: RHB José Salazar | 0-0: SINGLE (Line Drive, 7S) Víctor Quiñones to third Tyler Wagner to second | Batting: LHB Leonardo Medina | 0-0: Ball 1-0: Ball 2-0: Ball 3-0: Base on Balls Víctor Quiñones scores Tyler Wagner to third José Salazar to second | Batting: RHB Tom Doherty | 0-0: Foul Ball, location: 2F 0-1: Ball 1-1: Ball 2-1: Foul Ball, location: 2F 2-2: Ball 3-2: Ground out 4-3 (Groundball, 4D) | Top of the 1st over - 2 runs, 3 hits, 0 errors, 3 left on base; Irvine 2 - San Francisco 0 | BOTTOM OF THE 1ST |
---|
San Francisco Bandits batting - Pitching for Irvine Gang Green : RHP Mike Marrero | Pitching: RHP Mike Marrero | | Batting: SHB Terry Dailey | 0-0: Called Strike 0-1: Ball 1-1: Swinging Strike 1-2: Foul Ball, location: 2F 1-2: Strikes out swinging | Batting: RHB Scott Merritt | 0-0: Ball 1-0: Fly out, F4 (Popup, 4) | Batting: RHB Owen Carter | 0-0: Called Strike 0-1: Ball 1-1: Foul Ball, location: 2F 1-2: Strikes out looking | Bottom of the 1st over - 0 runs, 0 hits, 0 errors, 0 left on base; Irvine 2 - San Francisco 0 | TOP OF THE 2ND |
---|
Irvine Gang Green batting - Pitching for San Francisco Bandits : LHP Esteban Peña | Batting: RHB Ronnie Brown | 0-0: Foul Ball, location: 2F 0-1: Ball 1-1: Foul Ball, location: 2F 1-2: Ball 2-2: Ball 3-2: Foul Ball, location: 2F 3-2: Base on Balls | Batting: SHB Carlos Córdova | 0-0: SINGLE (Groundball, 4MD) Ronnie Brown to second | Batting: LHB Tony Tavárez | 0-0: Foul Ball, location: 2F 0-1: Foul Ball, location: 2F 0-2: Ball 1-2: Foul Ball, location: 2F 1-2: Fielders Choice at 2nd, 6-4 (Groundball, 6) Ronnie Brown to third | Batting: RHB Buck Jones | 0-0: Ball Tony Tavárez is caught stealing 2nd base 1-0: Ball 2-0: Ball 3-0: Base on Balls | Batting: LHB Víctor Quiñones | 0-0: Ball 1-0: Foul Ball, location: 2F 1-1: Foul Ball, location: 2F 1-2: Ball 2-2: Foul Ball, location: 2F 2-2: 3-RUN HOME RUN (Flyball, 9LD), Distance : 336 ft | Batting: RHB Tyler Wagner | 0-0: Fly out, F9 (Line Drive, 9D) | Top of the 2nd over - 3 runs, 2 hits, 0 errors, 0 left on base; Irvine 5 - San Francisco 0 | BOTTOM OF THE 2ND |
---|
San Francisco Bandits batting - Pitching for Irvine Gang Green : RHP Mike Marrero | Batting: LHB Chris Austin | 0-0: Ball 1-0: Foul Ball, location: 2F 1-1: Ground out 6-3 (Groundball, 6) | Batting: RHB Michael Elliott | 0-0: Called Strike 0-1: Ball 1-1: Foul Ball, location: 2F 1-2: DOUBLE (Line Drive, 89D) | Batting: LHB Alan McGilroy | 0-0: Ground out 5-3 (Groundball, 56S) Michael Elliott to third | Batting: RHB Javier Ramírez | 0-0: Ball 1-0: SINGLE (Line Drive, 6) Michael Elliott scores | Batting: LHB Anacleto Morillo | 0-0: Ball 1-0: Ball 2-0: Fly out, F4 (Popup, 4M) | Bottom of the 2nd over - 1 run, 2 hits, 0 errors, 1 left on base; Irvine 5 - San Francisco 1 | TOP OF THE 3RD |
---|
Irvine Gang Green batting - Pitching for San Francisco Bandits : LHP Esteban Peña | Batting: RHB José Salazar | 0-0: Called Strike 0-1: Ball 1-1: Foul Ball, location: 2F 1-2: Ball 2-2: Ball 3-2: Ground out 5-3 (Groundball, 56S) | Batting: LHB Leonardo Medina | 0-0: Foul Ball, location: 2F 0-1: Ball 1-1: Ball 2-1: Ball 3-1: Base on Balls | Batting: RHB Tom Doherty | 0-0: Fly out, F2 (Popup, 13S) | Batting: RHB Ronnie Brown | 0-0: Called Strike 0-1: SINGLE (Groundball, 56S) (infield hit) Leonardo Medina to second | Batting: SHB Carlos Córdova | 0-0: Called Strike 0-1: Foul Ball, location: 2F 0-2: Ball 1-2: Ball 2-2: Ball 3-2: Ground out 4-3 (Groundball, 4S) | Top of the 3rd over - 0 runs, 1 hit, 0 errors, 2 left on base; Irvine 5 - San Francisco 1 | BOTTOM OF THE 3RD |
---|
San Francisco Bandits batting - Pitching for Irvine Gang Green : RHP Mike Marrero | Batting: RHB Naomichi Aoki | 0-0: Ball 1-0: Ball 2-0: Called Strike 2-1: SINGLE (Groundball, 6MD) | Batting: SHB Terry Dailey | 0-0: Ball 1-0: Ball 2-0: Ball 3-0: Base on Balls Naomichi Aoki to second | Batting: RHB Scott Merritt | 0-0: SINGLE (Groundball, 6MD) Naomichi Aoki to third Terry Dailey to second | Batting: RHB Owen Carter | 0-0: SINGLE (Groundball, 6D) Naomichi Aoki scores Terry Dailey to third Scott Merritt to second | Batting: LHB Chris Austin | 0-0: Called Strike 0-1: Ball 1-1: Ball 2-1: Ball 3-1: DOUBLE (Flyball, 89XD) Terry Dailey scores Scott Merritt scores Owen Carter to third | Batting: RHB Michael Elliott | 0-0: Ball 1-0: Called Strike 1-1: Called Strike 1-2: Ball 2-2: Ball 3-2: Fly out, F9 (Flyball, 9LS) Runner from 3rd tags up, SCORES, no throw | Batting: LHB Alan McGilroy | 0-0: Swinging Strike 0-1: Swinging Strike 0-2: Ball 1-2: Ball 2-2: Foul Ball, location: 2F 2-2: Ball 3-2: Fly out, F2 (Popup, 2LF) | Batting: RHB Javier Ramírez | 0-0: Ball 1-0: Foul Ball, location: 2F 1-1: Swinging Strike 1-2: Ball 2-2: Foul Ball, location: 2F 2-2: Ball 3-2: Ground out 4-3 (Groundball, 4) | Bottom of the 3rd over - 4 runs, 4 hits, 0 errors, 1 left on base; Irvine 5 - San Francisco 5 | TOP OF THE 4TH |
---|
Irvine Gang Green batting - Pitching for San Francisco Bandits : LHP Esteban Peña | Batting: LHB Tony Tavárez | 0-0: Fly out, F5 (Line Drive, 5S) | Batting: RHB Buck Jones | 0-0: Called Strike 0-1: Ball 1-1: Ball 2-1: Ball 3-1: Base on Balls | Pitching: RHP Fernando Llama | | Batting: LHB Víctor Quiñones | 0-0: Ball 1-0: Called Strike 1-1: Called Strike 1-2: Foul Ball, location: 2F 1-2: Strikes out swinging | Batting: RHB Tyler Wagner | 0-0: Ball 1-0: Ball 2-0: Called Strike 2-1: Foul Ball, location: 2F 2-2: Ball 3-2: Foul Ball, location: 2F 3-2: Fly out, F3 (Popup, 34S) | Top of the 4th over - 0 runs, 0 hits, 0 errors, 1 left on base; Irvine 5 - San Francisco 5 | BOTTOM OF THE 4TH |
---|
San Francisco Bandits batting - Pitching for Irvine Gang Green : RHP Mike Marrero | Batting: LHB Anacleto Morillo | 0-0: Foul Ball, location: 2F 0-1: SINGLE (Line Drive, 7LS) | Batting: RHB Naomichi Aoki | 0-0: Foul Ball, location: 2F 0-1: Foul Ball, location: 2F 0-2: Ball 1-2: Fielders Choice at 2nd, 6-4 (Groundball, 6) | Batting: SHB Terry Dailey | 0-0: Called Strike 0-1: Foul Ball, location: 2F 0-2: Grounds into double play, 4-6-3 (Groundball, 4) | Bottom of the 4th over - 0 runs, 1 hit, 0 errors, 0 left on base; Irvine 5 - San Francisco 5 | TOP OF THE 5TH |
---|
Irvine Gang Green batting - Pitching for San Francisco Bandits : RHP Fernando Llama | Batting: RHB José Salazar | 0-0: Foul Ball, location: 2F 0-1: Foul Ball, location: 2F 0-2: Foul Ball, location: 2F 0-2: Foul Ball, location: 2F 0-2: Ball 1-2: Ball 2-2: Ball 3-2: Ground out 5-3 (Groundball, 5) | Batting: LHB Leonardo Medina | 0-0: Ball 1-0: Ball 2-0: Foul Ball, location: 2F 2-1: Ball 3-1: Called Strike 3-2: Base on Balls | Batting: RHB Tom Doherty | 0-0: Ground out 6-3 (Groundball, 6) Leonardo Medina to second | Batting: RHB Ronnie Brown | 0-0: Fly out, F8 (Flyball, 8RM) | Top of the 5th over - 0 runs, 0 hits, 0 errors, 1 left on base; Irvine 5 - San Francisco 5 | BOTTOM OF THE 5TH |
---|
San Francisco Bandits batting - Pitching for Irvine Gang Green : RHP Mike Marrero | Pitching: RHP Joe Wilson | | Batting: RHB Scott Merritt | 0-0: Ground out 4-3 (Groundball, 4) | Batting: RHB Owen Carter | 0-0: Foul Ball, location: 2F 0-1: Ground out 5-3 (Groundball, 5S) | Batting: LHB Chris Austin | 0-0: Called Strike 0-1: Ball 1-1: Swinging Strike 1-2: Ball 2-2: Strikes out swinging | Bottom of the 5th over - 0 runs, 0 hits, 0 errors, 0 left on base; Irvine 5 - San Francisco 5 | TOP OF THE 6TH |
---|
Irvine Gang Green batting - Pitching for San Francisco Bandits : RHP Fernando Llama | Batting: SHB Carlos Córdova | 0-0: Ball 1-0: Ball 2-0: Ball 3-0: Called Strike 3-1: Ground out 3-1 (Groundball, 34) | Batting: LHB Tony Tavárez | 0-0: Ball 1-0: Ball 2-0: Ball 3-0: Called Strike 3-1: SINGLE (Groundball, 4MD) | Batting: RHB Buck Jones | 0-0: Ball Tony Tavárez steals 2nd base 1-0: Ground out 6-3 (Groundball, 6) Tony Tavárez to third | Batting: LHB Víctor Quiñones | 0-0: Called Strike 0-1: Ball 1-1: Ball 2-1: Ball 3-1: Base on Balls | Pitching: RHP Bill Lowe | | Batting: RHB Tyler Wagner | 0-0: Called Strike 0-1: Ball 1-1: DOUBLE (Flyball, 8LXD) Tony Tavárez scores Víctor Quiñones to third Runner from 3rd tries for Home, SAFE, no throw | Batting: RHB José Salazar | 0-0: Ball 1-0: Foul Ball, location: 2F 1-1: Ball 2-1: Ball 3-1: Base on Balls | Batting: LHB Leonardo Medina | 0-0: Ball 1-0: Called Strike 1-1: Foul Ball, location: 2F 1-2: Strikes out looking | Top of the 6th over - 2 runs, 2 hits, 0 errors, 2 left on base; Irvine 7 - San Francisco 5 | BOTTOM OF THE 6TH |
---|
San Francisco Bandits batting - Pitching for Irvine Gang Green : RHP Joe Wilson | Batting: RHB Michael Elliott | 0-0: Called Strike 0-1: Ball 1-1: SINGLE (Groundball, 6S) (infield hit) | Batting: LHB Alan McGilroy | 0-0: Called Strike 0-1: Ball 1-1: Called Strike 1-2: Fly out, F7 (Flyball, 78D) | Batting: RHB Javier Ramírez | 0-0: Ball 1-0: Fly out, F8 (Line Drive, 8RM) | Batting: LHB Anacleto Morillo | 0-0: Ball Michael Elliott steals 2nd base 1-0: Called Strike Passed Ball! Michael Elliott to third 1-1: Ball 2-1: Swinging Strike 2-2: Ball 3-2: Strikes out swinging | Bottom of the 6th over - 0 runs, 1 hit, 0 errors, 1 left on base; Irvine 7 - San Francisco 5 | TOP OF THE 7TH |
---|
Irvine Gang Green batting - Pitching for San Francisco Bandits : RHP Bill Lowe | Batting: RHB Tom Doherty | 0-0: Ball 1-0: Foul Ball, location: 2F 1-1: Called Strike 1-2: Foul Ball, location: 2F 1-2: Ball 2-2: Ground out 1-3 (Groundball, 15S) | Batting: RHB Ronnie Brown | 0-0: Ball 1-0: Ball 2-0: Called Strike 2-1: Ground out 4-3 (Groundball, 4) | Batting: SHB Carlos Córdova | 0-0: Foul Ball, location: 2F 0-1: Ground out 1-3 (Groundball, 13S) | Top of the 7th over - 0 runs, 0 hits, 0 errors, 0 left on base; Irvine 7 - San Francisco 5 | BOTTOM OF THE 7TH |
---|
San Francisco Bandits batting - Pitching for Irvine Gang Green : RHP Joe Wilson | Batting: RHB Naomichi Aoki | 0-0: Ball 1-0: Ground out 5-3 (Groundball, 5) | Batting: SHB Terry Dailey | 0-0: Ball 1-0: Fly out, F8 (Flyball, 8LS) | Batting: RHB Scott Merritt | 0-0: Ground out 4-3 (Groundball, 4S) | Bottom of the 7th over - 0 runs, 0 hits, 0 errors, 0 left on base; Irvine 7 - San Francisco 5 | TOP OF THE 8TH |
---|
Irvine Gang Green batting - Pitching for San Francisco Bandits : RHP Bill Lowe | Batting: LHB Tony Tavárez | 0-0: SINGLE (Groundball, 4D) | Batting: RHB Buck Jones | 0-0: Ball 1-0: Foul Ball, location: 2F 1-1: Ball 2-1: Ball 3-1: Ground out U3 (Groundball, 34S) Tony Tavárez to second | Batting: LHB Víctor Quiñones | 0-0: Intentional Walk | Batting: RHB Tyler Wagner | 0-0: Swinging Strike 0-1: Called Strike 0-2: Ball 1-2: Ball 2-2: Ball 3-2: Base on Balls Tony Tavárez to third Víctor Quiñones to second | Batting: RHB José Salazar | 0-0: Ball 1-0: Foul Ball, location: 2F 1-1: Ball 2-1: Swinging Strike 2-2: Ball 3-2: Grounds into double play, 4-2-3 (Groundball, 4) | Top of the 8th over - 0 runs, 1 hit, 0 errors, 2 left on base; Irvine 7 - San Francisco 5 | BOTTOM OF THE 8TH |
---|
San Francisco Bandits batting - Pitching for Irvine Gang Green : RHP Joe Wilson | Batting: RHB Owen Carter | 0-0: Called Strike 0-1: Swinging Strike 0-2: Strikes out swinging | Pitching: LHP Yu-shu Kong | | Batting: LHB Chris Austin | 0-0: Called Strike 0-1: Called Strike 0-2: Ball 1-2: Strikes out swinging | Pitching: RHP Jun Kawashima | | Batting: RHB Michael Elliott | 0-0: Ball 1-0: Ball 2-0: Fly out, F9 (Flyball, 9LS) | Bottom of the 8th over - 0 runs, 0 hits, 0 errors, 0 left on base; Irvine 7 - San Francisco 5 | TOP OF THE 9TH |
---|
Irvine Gang Green batting - Pitching for San Francisco Bandits : RHP Bill Lowe | Batting: LHB Leonardo Medina | 0-0: Ball 1-0: SINGLE (Groundball, 4MD) | Batting: RHB Tom Doherty | 0-0: Ball 1-0: Fly out, F9 (Flyball, 9LSF) | Batting: RHB Ronnie Brown | 0-0: Swinging Strike Leonardo Medina steals 2nd base 0-1: Ground out 4-3 (Groundball, 4) Leonardo Medina to third | Pitching: RHP Mal Park | | Batting: SHB Carlos Córdova | 0-0: Ball 1-0: Ground out 6-3 (Groundball, 6) | Top of the 9th over - 0 runs, 1 hit, 0 errors, 1 left on base; Irvine 7 - San Francisco 5 | BOTTOM OF THE 9TH |
---|
San Francisco Bandits batting - Pitching for Irvine Gang Green : RHP Jun Kawashima | Pitching: RHP Raúl Saltines | | Batting: LHB Alan McGilroy | 0-0: Ball 1-0: Foul Ball, location: 2F 1-1: Called Strike 1-2: SOLO HOME RUN (Flyball, 9LD), Distance : 335 ft | Batting: RHB Javier Ramírez | 0-0: Called Strike 0-1: DOUBLE (Line Drive, 7D) | Batting: LHB Anacleto Morillo | 0-0: Ball 1-0: Called Strike 1-1: Swinging Strike 1-2: Strikes out looking | Batting: RHB Naomichi Aoki | 0-0: Foul Ball, location: 2F 0-1: Fly out, F8 (Line Drive, 8RM) | Batting: SHB Terry Dailey | 0-0: Called Strike 0-1: Ball 1-1: Ball 2-1: Called Strike 2-2: Strikes out swinging | Bottom of the 9th over - 1 run, 2 hits, 0 errors, 1 left on base; Irvine 7 - San Francisco 6 | |